Get step-by-step instructions on how to execute this build order below. Start the game timer, and the build order will tick by so you can play in parallel with StarCraft on a second screen or mobile device.

Game Time

  0:00

Last Step

  N/A

Next Step

Upcoming Step



Don't want to look back and forth between 2 screens? Try out our Overwolf App, the Spawning Tool Build Advisor to get an in-game overlay with this build!

Complete Build Order

  12  0:01  Probe (Chrono Boost)  
  13  0:11  Probe (Chrono Boost)  
  14  0:19  Pylon  
  14  0:36  Assimilator  
  14  0:42  Gateway  
  14  0:45  Pylon  
  14  1:14  Assimilator  
  14  1:20  Probe (Chrono Boost)  
  15  1:30  Probe (Chrono Boost)  
  16  1:33  Cybernetics Core  
  16  1:41  Probe (Chrono Boost)  
  17  1:52  Probe (Chrono Boost)  
  18  1:58  Warp Gate  
  18  2:03  Probe (Chrono Boost)  
  19  2:08  Stalker  
  19  2:14  Probe (Chrono Boost)